AoeStats
← BP | L'Checheroni

Arabia

505719624Analyzed
1v1 RM · 20d ago on Sep 10, 2026· 36m 37s· 2 players
Game mode
Random Map
Map size
Tiny (2 player)
Population
200
Speed
Normal
Resources
Standard
Victory
Conquest
Starting age
Dark Age
Ending age
Imperial Age
RankedLock teamsTeams togetherTeam positionsShared explorationLock speedFull tech treeHidden civsTurbo modeCheats
Victory
Defeat
🇨🇭 Celts · Switzerland
1001
+15
🇨🇴 Sicilians · Colombia
982
-15
BP | L'Checheroni
7:38 Loom
9:31 Feudal Age
10:46 Double-Bit Axe
16:54 Town Watch
18:33 Wheelbarrow
22:07 Castle Age
20:53 Bloodlines
20:32 Horse Collar
21:28 Gold Mining
23:02 Husbandry
23:10 Fletching
23:26 Scale Barding Armor
23:31 Forging
24:24 Bow Saw
23:56 Crossbowman
26:30 Bodkin Arrow
27:43 Heavy Plow
31:56 Gold Shaft Mining
31:35 Padded Archer Armor
31:56 Chain Barding Armor
34:34 Hand Cart
37:11 Ballistics
winged_mango
4:20 Loom
9:36 Feudal Age
12:21 Double-Bit Axe
12:19 Horse Collar
12:32 Man-at-Arms
18:20 Wheelbarrow
21:12 Castle Age
19:56 Scale Mail Armor
20:07 Forging
20:32 Fletching
20:46 Arson
21:21 Pikeman
24:07 Bow Saw
23:56 Stone Mining
24:18 Gambesons
25:01 Gold Mining
24:59 Long Swordsman
26:27 Chain Mail Armor
31:17 Stronghold
32:33 Heavy Plow
36:28 Imperial Age
36:02 Iron Casting
36:32 Halberdier
Connection lost

Rejoining the realm…

Still unreachable

The connection could not be restored.

Session expired

The server has moved on; the page needs a fresh start.